 Dungeon Crawl Stone Soup version 0.27.1-3-gb3d3a73c9e (webtiles) character file.

Game seed: 11802113719020733763

2328 bnorton916 the Destroyer (level 9, -8/45 HPs)
             Began as a Deep Elf Conjurer on Oct 21, 2021.
             Was a Follower of Vehumet.
             Splashed by an orc priest's acid (13 damage)
             ... on level 7 of the Dungeon.
             The game lasted 00:11:31 (10042 turns).

bnorton916 the Destroyer (Deep Elf Conjurer)       Turns: 10042, Time: 00:11:32

Health: -8/45      AC: -1    Str: 11    XL:     9   Next: 19%
Magic:  15/21      EV: 12    Int: 32    God:    Vehumet [*.....]
Gold:   495        SH:  0    Dex: 13    Spells: 5/22 levels left

rFire    . . .     SeeInvis .   (no weapon)
rCold    . . .     Faith    .   (no shield)
rNeg     . . .     Spirit   .   a - +0 robe
rPois    .         Reflect  .   (no helmet)
rElec    .         Harm     .   x - +2 cloak
rCorr    .         Rampage  .   l - +0 pair of gloves
Will     .....                  (no boots)
Stlth    ++........             (no amulet)
HPRegen  0.15/turn              d - +6 ring of strength
MPRegen  0.17/turn              q - +6 ring of intelligence

@: corroded
A: no striking features
a: Renounce Religion


You were on level 7 of the Dungeon.
You worshipped Vehumet.
Vehumet was aware of your devotion.
You visited 1 branch of the dungeon, and saw 7 of its levels.

You collected 495 gold pieces.

Inventory:

Hand Weapons
 m - a +1 dagger of distortion
 C - a +1 vampiric dagger
Armour
 a - a +0 robe (worn)
 l - a +0 pair of gloves (worn)
 x - a +2 cloak (worn)
 D - +0 acid dragon scales
Jewellery
 d - a +6 ring of strength (left hand)
 q - a +6 ring of intelligence (right hand)
Wands
 z - a wand of polymorph (17)
Scrolls
 f - 2 scrolls of magic mapping {unknown}
 g - 3 scrolls of noise
 h - a scroll of vulnerability
 i - a scroll of teleportation
 n - 4 scrolls of enchant weapon
 s - a scroll of torment {unknown}
 t - a scroll of silence {unknown}
 u - 2 scrolls of enchant armour {unknown}
 y - a scroll of fog {unknown}
 A - 2 scrolls of acquirement {unknown}
 E - a scroll of fear
Potions
 b - a potion of cancellation
 c - 2 potions of magic
 e - a potion of degeneration {unknown}
 j - a potion of ambrosia {unknown}
 k - a potion of flight {unknown}
 o - a potion of curing
 p - 2 potions of might
 r - a potion of haste {unknown}
 v - a potion of heal wounds {unknown}
 w - a potion of attraction {unknown}
 B - 2 potions of lignification {unknown}


   Skills:
 + Level 0.3 Armour
 - Level 2.4 Dodging
 - Level 2.4 Stealth
 - Level 7.3 Spellcasting
 + Level 8.3 Conjurations
 - Level 7.5 Hexes
 - Level 6.2 Translocations
 + Level 3.8 Fire Magic


You had 5 spell levels left.
You knew the following spells:

 Your Spells              Type           Power      Damage    Failure   Level
a - Magic Dart            Conj           100%       1d8       1%          1
b - Searing Ray           Conj           100%       3d7       1%          2
c - Fulminant Prism       Conj/Hex       29%        3d14      1%          4
d - Iskenderun's Mystic   Conj/Tloc      55%        2d12      1%          4
e - Starburst             Conj/Fire      25%        6d8       45%         6

Your spell library contained the following spells:

 Spells                   Type           Power      Damage    Failure   Level
 Shock                    Conj/Air       100%       1d9       1%          1
 Blink                    Tloc           N/A        N/A       1%          2
 Dazzling Flash           Conj/Hex       100%       N/A       1%          3
 Lesser Beckoning         Tloc           25%        N/A       1%          3
 Summon Guardian Golem    Hex/Summ       35%        N/A       2%          3
 Summon Small Mammal      Summ           44%        N/A       4%          1
 Passwall                 Tmut/Erth      9%         N/A       6%          2
 Manifold Assault         Tloc           51%        N/A       9%          5
 Call Canine Familiar     Summ           11%        N/A       12%         3
 Spider Form              Tmut/Pois      5%         N/A       12%         3
 Swiftness                Air            11%        N/A       12%         3
 Invisibility             Hex            28%        N/A       28%         6
 Ignition                 Fire           18%        3d7       100%        8


Dungeon Overview and Level Annotations

Branches:
Dungeon (7/15)             Temple (0/1) D:4

Altars:
Dithmenos
Gozag
Vehumet
Wu Jian
Yredelemnul
The Shining One

Annotations:
D:4 1 runed translucent door, jessy's ghost, amateur MiGl


Message History

Casting: Magic Dart (safe; 1% risk of failure)
Confirm with . or Enter, or press ? or * to list all spells.
Aiming: Magic Dart (safe; 1% risk of failure)
Press: ? - help, Shift-Dir - straight line, f/p - orc
Aim: an orc, wielding a +0 whip and wearing a +0 scale mail (almost dead, 100% to hit)
The magic dart hits the orc!
You kill the orc!
Vehumet accepts your kill.
Magic restored.
Things that are here:
a +0 whip; a +0 scale mail; an orc corpse
There is an open door here.
The orc priest shouts!
An orc priest is nearby!
Casting: Magic Dart (safe; 1% risk of failure)
Confirm with . or Enter, or press ? or * to list all spells.
Aiming: Magic Dart (safe; 1% risk of failure)
Press: ? - help, Shift-Dir - straight line, f - orc priest
Aim: an orc priest, wielding a +0 club, wearing a +2 robe of willpower, wearing an amulet of reflection and carrying a wand of acid (9) (100% to hit)
The magic dart hits the orc priest.
The orc priest is moderately wounded.
Casting: Magic Dart (safe; 1% risk of failure)
Confirm with . or Enter, or press ? or * to list all spells.
Aiming: Magic Dart (safe; 1% risk of failure)
Press: ? - help, Shift-Dir - straight line, f/p - orc priest
Aim: an orc priest, wielding a +0 club, wearing a +2 robe of willpower, wearing an amulet of reflection and carrying a wand of acid (9) (moderately wounded, 100% to hit)
The magic dart hits the orc priest.
The orc priest is heavily wounded.
The orc priest zaps a wand.
The bolt of acid hits you. The acid corrodes you!
You are splashed with acid!
Casting: Magic Dart (safe; 1% risk of failure)
Confirm with . or Enter, or press ? or * to list all spells.
Aiming: Fulminant Prism (dangerous; 1% risk of failure)
Press: ? - help, Dir - move target, p - orc priest You conjure a prism of explosive energy!
A fulminant prism comes into view.
The orc priest zaps a wand.
The bolt of acid hits you!!
* * * LOW HITPOINT WARNING * * *
The acid corrodes you!
You are splashed with acid!
You die...

#..######## #.........##..
#......... ............#...
#.#####.# #.........)..#...
#.####..# ...#.#......##..
..)....####### ...#.######..#..
.............. ...#.##<.....##.
#......####### ..............#.
######'#.....####..##.#......#..[
#......###....@..*#.#..#######.
#......# #######...o.........##
#......# #.##.#..#####.##
#......# #.#....<[).## ####'#.#
#.####....... #.... #. #.######
...... ## #.# #... ....... #)#
#.## #.# .#


You could see an orc priest (ally target) and a friendly fulminant prism.

Vanquished Creatures
  Maggie (D:7)
  Prince Ribbit (D:5)
  Sigmund (D:5)
  A sky beast (D:4)
  An ice beast (D:5)
  2 ogres
  2 centaurs
  Blork the orc (D:5)
  3 bullfrogs
  A wyvern zombie (D:5)
  2 scorpions
  A water moccasin zombie (D:5)
  A water moccasin skeleton (D:6)
  2 bullfrog zombies (D:5)
  A centaur zombie (D:5)
  2 hounds (D:6)
  3 orc priests
  A centaur skeleton (D:6)
  A jelly (D:7)
  2 bullfrog skeletons
  2 iguanas
  3 orc wizards (D:7)
  A hound zombie (D:5)
  4 adders
  A shadow imp (D:5)
  2 white imps
  An ufetubus (D:6)
  2 adder zombies (D:5)
  3 worms
  2 dart slugs
  14 orcs
  5 bats
  10 endoplasms
  3 giant cockroaches
  5 goblins
  11 hobgoblins
  4 kobolds
  5 quokkas
  5 ball pythons
  4 frilled lizards
  A rat (D:1)
118 creatures vanquished.

Vanquished Creatures (others)
  15 fulminant prisms
15 creatures vanquished.

Grand Total: 133 creatures vanquished

Notes
Turn   | Place    | Note
-------+----------+-------------------------------------------
     0 | D:1      | bnorton916 the Deep Elf Conjurer began the quest for the
                  | Orb.
     0 | D:1      | Reached XP level 1. HP: 10/10 MP: 6/6
   240 | D:1      | Reached XP level 2. HP: 15/15 MP: 3/8
   770 | D:1      | Found a faded altar of an unknown god.
  1535 | D:2      | Reached skill level 5 in Conjurations
  1563 | D:2      | Reached XP level 3. HP: 19/19 MP: 8/10
  1566 | D:2      | Learned a level 2 spell: Searing Ray
  2477 | D:2      | Reached XP level 4. HP: 24/24 MP: 7/12
  2593 | D:2      | Learned a level 4 spell: Fulminant Prism
  2598 | D:2      | Learned a level 4 spell: Iskenderun's Mystic Blast
  3026 | D:3      | Noticed a scorpion
  3031 | D:3      | Killed a scorpion
  3032 | D:3      | Reached skill level 5 in Spellcasting
  3234 | D:3      | Found a glowing golden altar of the Shining One.
  3361 | D:3      | Reached XP level 5. HP: 28/28 MP: 11/14
  3405 | D:4      | Found a radiant altar of Vehumet.
  3409 | D:4      | Noticed a sky beast
  3412 | D:4      | Became a worshipper of Vehumet
  3427 | D:4      | Killed a sky beast
  3428 | D:4      | Reached skill level 6 in Conjurations
  3537 | D:4      | Got the Disquisition on the Arsonist and Venom
  3782 | D:4      | Found a runed translucent door.
  3782 | D:4      | Noticed jessy's ghost (amateur MiGl)
  3831 | D:4      | Reached XP level 6. HP: 32/32 MP: 15/17
  4020 | D:4      | Found a staircase to the Ecumenical Temple.
  4308 | D:4      | Found an ornate altar of the Wu Jian Council.
  4430 | D:5      | Entered Level 5 of the Dungeon
  4921 | D:5      | Reached skill level 7 in Conjurations
  5185 | D:5      | Noticed Sigmund
  5572 | D:5      | Noticed an ice beast
  5581 | D:5      | Killed an ice beast
  5582 | D:5      | Reached skill level 1 in Hexes
  5582 | D:5      | Reached skill level 1 in Translocations
  5582 | D:5      | Reached XP level 7. HP: 36/36 MP: 15/19
  6115 | D:5      | Noticed Blork the orc
  6121 | D:5      | Killed Blork the orc
  6605 | D:5      | Noticed Prince Ribbit
  6613 | D:5      | Killed Prince Ribbit
  6614 | D:5      | Reached skill level 5 in Hexes
  6867 | D:5      | Reached XP level 8. HP: 35/41 MP: 16/20
  7194 | D:5      | Killed Sigmund
  7195 | D:5      | Reached skill level 5 in Translocations
  7419 | D:5      | Found a shadowy altar of Dithmenos.
  7524 | D:5      | Found a basalt altar of Yredelemnul.
  7964 | D:6      | Learned a level 6 spell: Starburst
  8111 | D:6      | Reached * piety under Vehumet
  8111 | D:6      | Offered knowledge of Shock by Vehumet.
  8112 | D:6      | Reached skill level 1 in Fire Magic
  8993 | D:7      | Reached XP level 9. HP: 45/45 MP: 7/21
  9366 | D:7      | Noticed Maggie
  9375 | D:7      | Killed Maggie
  9376 | D:7      | Reached skill level 8 in Conjurations
  9957 | D:7      | Found an opulent altar of Gozag.
 10042 | D:7      | Splashed by an orc priest's acid

Illustrated notes

Levels and vault maps discovered:
D:1:      dpeg_arrival_ternary, layout_basic,
          hellmonk_ecumenical_altar_leap_of_faith
D:2:      kennysheep_big_flooded_room, layout_basic, serial_curves,
          eino_curves_03, eino_curves_01
D:3:      layout_rooms, mainiacjoe_overflow_alcove_4,
          amcnicky_mini_corridor_feature
D:4:      layout_loops_ring, nzn_wu_jian_contemplation,
          mainiacjoe_overflow_cross_hatched, temple_green,
          ebering_ghost_reflecting_pool
D:5:      layout_basic, nicolae_yredelemnul_corpse_copse, marbit_many_paths,
          cheibrodos_sewer_entry_bend, uniq_sigmund, uniq_blork_the_orc,
          uniq_prince_ribbit1
D:6:      layout_basic, serial_co_window_serial, co_window_of_opportunity_a,
          co_window_paths_b, co_window_corner_a, co_window_paths_b,
          co_window_of_opportunity_a, co_window_of_opportunity_b,
          co_window_of_opportunity_b, co_window_2corner, co_window_broadway_c,
          co_window_broadway_c, glass_columns_a
D:7:      layout_basic, mainiacjoe_overflow_24_doors, minmay_misc_feat_iff,
          uniq_maggie

Skill      XL: |  1  2  3  4  5  6  7  8  9 |
---------------+----------------------------+-----
Spellcasting   | 4 5 6 7 |  7.3
Conjurations   | 5 6 7 8 |  8.3
Hexes          | 1 5 7 |  7.5
Translocations | 1 4 6 |  6.2
Fire Magic     | 2 3 |  3.8
Armour         | |  0.3
Dodging        | |  2.4
Stealth        | |  2.4

Action                   |  1- 3 |  4- 6 |  7- 9 || total
-------------------------+-------+-------+-------++-------
 Cast: Magic Dart        |    70 |    44 |    61 ||   175
       Searing Ray       |     3 |    15 |    23 ||    41
       Fulminant Prism   |       |       |    16 ||    16
       Iskenderun's Myst |       |       |     1 ||     1
  Use: Scroll            |       |     6 |     4 ||    10
       Potion            |       |       |     1 ||     1
Armor: Robe              |     1 |     3 |     6 ||    10
Dodge: Dodged            |     1 |    10 |    18 ||    29
